 Dungeon Crawl Stone Soup version 0.19-a0-1064-geb5102e (webtiles) character file.

10600 GordonOverkill the Severer (level 11, 0/102 HPs)
             Began as a Hill Orc Wanderer on Aug 3, 2016.
             Was a Priest of Trog.
             Succumbed to ontamu's ghost's poison
             ... on level 1 of the Lair of Beasts.
             The game lasted 00:34:31 (14006 turns).

GordonOverkill the Severer (Hill Orc Wanderer)     Turns: 14006, Time: 00:34:32

Health: 0/102      AC: 25    Str: 17    XL:     11   Next: 64%
Magic:  11/11      EV:  1    Int: 14    God:    Trog [***...]
Gold:   527        SH:  0    Dex: 14    Spells: 0 memorised, 10 levels left

rFire  . . .     SeeInvis +     D - +1 battleaxe
rCold  . . .     Gourm    .     w - +0 crystal plate armour "Dusoph" {Dex+4 Slay+3 SInv}
rNeg   . . .     Faith    .     (shield currently unavailable)
rPois  .         Spirit   .     k - +0 helmet
rElec  .         Dismiss  .     x - +2 cloak
rCorr  .         Reflect  .     l - +1 pair of gloves
SustAt .         Harm     .     (no boots)
MR     .....                    (no amulet)
Stlth  ..........               (no ring)
                                r - +3 ring of protection

@: lethally poisoned (0 -> -2), exhausted, very slightly contaminated, hasted
and slowed, very heavily drained, invisible
A: no striking features
a: Berserk, Trog's Hand, Burn Spellbooks, Renounce Religion


You were on level 1 of the Lair of Beasts.
You worshipped Trog.
Trog was most pleased with you.
You were very hungry.

You visited 3 branches of the dungeon, and saw 12 of its levels.

You collected 527 gold pieces.

Inventory:

Hand Weapons
 d - a +0 broad axe
 s - a +2 whip of flaming
 D - a +1 battleaxe (weapon)
Armour
 k - a +0 helmet (worn)
 l - a +1 pair of gloves (worn)
 w - the +0 crystal plate armour "Dusoph" (worn) {Dex+4 Slay+3 SInv}
   (You acquired it on level 7 of the Dungeon)

   It affects your dexterity (+4).
   It affects your accuracy and damage with ranged weapons and melee attacks
   (+3).
   It lets you see invisible.
 x - a +2 cloak (worn)
 B - a +0 shield
Jewellery
 h - an uncursed amulet of magic regeneration
 r - a +3 ring of protection (left hand)
Wands
 a - a wand of flame (26/48)
 m - a wand of lightning (8/15)
 z - a wand of slowing (22/48)
Scrolls
 c - 7 scrolls of teleportation
 e - a scroll of magic mapping
 t - a scroll of enchant weapon
 u - a scroll of recharging
 y - a scroll of remove curse
 A - 5 scrolls of identify
Potions
 g - 4 potions of curing
 j - 3 potions of flight
 o - 3 potions of mutation
 p - a potion of lignification
 q - 4 potions of brilliance
Miscellaneous
 C - a fan of gales
Comestibles
 b - 5 meat rations
 f - 4 bread rations
 i - 5 beef jerkies
 n - a slice of pizza
 v - a chunk of flesh


   Skills:
 - Level 11.0(5.6) Fighting
 + Level 15.5(9.5) Axes
 - Level 1.0(0.0) Throwing
 + Level 7.8(2.8) Armour
 - Level 5.0(0.4) Dodging
 - Level 1.0(0.0) Stealth
 - Level 4.3(0.0) Unarmed Combat
 - Level 1.0(0.0) Evocations


You had 10 spell levels left.
You didn't know any spells.

Dungeon Overview and Level Annotations

Branches:
Dungeon (10/15)            Temple (1/1) D:5            Lair (1/6) D:9
    Orc (0/2) D:10

Altars:
Ashenzari
Cheibriados
Dithmenos
Elyvilon
Fedhas
Gozag
Hepliaklqana
Kikubaaqudgha
Makhleb
Nemelex Xobeh
Okawaru
Pakellas
Qazlal
Ru
Sif Muna
Trog
Uskayaw
Vehumet
Xom
Yredelemnul
Zin
The Shining One

Shops:
D:6 [

Annotations:
Lair:1 ontamu's ghost, journeyman DrWz


Message History

You feel yourself slow down.
You are feeling very hungry.
Ontamu's ghost hits you but does no damage.
Your crystal plate armour "Dusoph" prevents you from hitting ontamu's ghost.
Ontamu's ghost is almost destroyed.
* * * LOW HITPOINT WARNING * * *
You feel sick.
Okay, then.
* * * LOW HITPOINT WARNING * * *
You feel sick.
* * * LOW HITPOINT WARNING * * *
You feel sick.
Ontamu's ghost hits you but does no damage.
Your crystal plate armour "Dusoph" prevents you from hitting ontamu's ghost.
Ontamu's ghost is almost destroyed.
* * * LOW HITPOINT WARNING * * *
You feel sick.
Your crystal plate armour "Dusoph" prevents you from hitting ontamu's ghost.
Ontamu's ghost is almost destroyed.
You die...

###### ###.#..## ## # ##
##..#....######.## # ...
#.........##...### . ...
##.........#...##. . #..
##..#......#...#.. .
#..####.................
.
#......@W........#......
#
#................#......
##..####..#..........##.
..... #....###.####..###
...... ##..###..# #..# #
....#.. #...##.#.# #..#
..).#.. ##........ ...#
... ... #.... ...
.####..


You could see ontamu's ghost.

Vanquished Creatures
  A hill giant (D:10)
  Pikel (D:6)
  A deep elf mage (D:7)
  A komodo dragon (Lair:1)
  A rime drake (Lair:1)
  A troll (D:9)
  A two-headed ogre (D:8)
  A wyvern (D:9)
  A wraith (D:9)
  14 yaks
  A hippogriff (D:10)
  A steam dragon (D:7)
  2 vampire mosquitoes (D:10)
  2 water moccasins
  Duvessa (D:6)
  4 ice beasts
  5 orc warriors
  4 slaves (D:6)
  A sky beast (D:9)
  4 phantoms
  7 centaurs
  5 ogres
  2 big kobolds (D:9)
  8 giant frogs
  Dowan (D:6)
  A scorpion (D:6)
  4 killer bees (D:9)
  11 wights
  3 electric eels (D:9)
  A giant frog zombie (D:5)
  3 crimson imps
  2 quasits (D:9)
  A wasp zombie (D:10)
  4 orc priests
  A giant frog skeleton (D:9)
  5 hounds
  Crazy Yiuf (D:7)
  A jelly (D:5)
  10 orc wizards
  A centaur skeleton (D:9)
  4 iguanas
  6 worker ants
  2 killer bee zombies
  A hound skeleton (D:9)
  12 gnolls
  A howler monkey skeleton (D:9)
  11 adders
  A shadow imp (D:9)
  An ooze (D:2)
  3 worms
  2 dart slugs (D:2)
  3 giant geckos
  31 orcs
  7 giant cockroaches
  8 goblins
  5 hobgoblins
  3 jackals (D:3)
  17 kobolds
  2 quokkas
  A ball python (D:3)
  7 bats
  2 giant newts
  2 jackal skeletons
  A jackal zombie (D:6)
  A quokka zombie (D:5)
  7 rats
261 creatures vanquished.

Notes
Turn   | Place    | Note
-------+----------+-------------------------------------------
     0 | D:1      | GordonOverkill the Hill Orc Wanderer began the quest for the Orb.
     0 | D:1      | GordonOverkill set off with: a wand of flame (15/48), a potion of lignification, a scroll of teleportation, a +0 robe, a +0 club, a bread ration
     0 | D:1      | Reached XP level 1. HP: 19/19 MP: 1/1
   365 | D:1      | Reached XP level 2. HP: 22/27 MP: 2/2
  1338 | D:2      | Reached XP level 3. HP: 35/35 MP: 3/3
  1362 | D:2      | Reached skill level 5 in Fighting
  2147 | D:2      | Reached XP level 4. HP: 12/44 MP: 4/4
  3420 | D:4      | Noticed a yak
  3420 | D:4      | Noticed a yak
  3420 | D:4      | Noticed a yak
  3422 | D:4      | Noticed a yak
  3455 | D:3      | Reached XP level 5. HP: 46/51 MP: 5/5
  4138 | D:4      | Noticed a yak
  4560 | D:4      | Found a glowing silver altar of Zin.
  4859 | D:4      | Reached skill level 1 in Dodging
  5287 | D:3      | Killed a yak
  5287 | D:3      | Reached XP level 6. HP: 32/60 MP: 6/6
  5559 | D:3      | Killed a yak
  5559 | D:3      | Reached XP level 7. HP: 61/66 MP: 7/7
  6177 | D:5      | Entered Level 5 of the Dungeon
  6395 | D:5      | Reached skill level 5 in Dodging
  6426 | D:5      | Reached skill level 1 in Armour
  6820 | D:5      | Reached XP level 8. HP: 73/73 MP: 8/8
  6996 | D:5      | Reached skill level 5 in Armour
  7329 | D:5      | Reached skill level 1 in Axes
  7429 | D:5      | Reached skill level 3 in Axes
  7519 | D:5      | Found a staircase to the Ecumenical Temple.
  7526 | Temple   | Entered the Ecumenical Temple
  7679 | Temple   | Became a worshipper of Trog the Wrathful
  7858 | D:5      | Found an opulent altar of Gozag.
  7892 | D:6      | Found Joazumah's Antique Armour Shoppe.
  7900 | D:5      | Reached skill level 4 in Axes
  7954 | D:5      | Reached skill level 5 in Axes
  8160 | D:6      | Reached skill level 6 in Axes
  8231 | D:6      | Reached skill level 7 in Axes
  8336 | D:6      | Noticed Dowan
  8403 | D:6      | Killed Dowan
  8403 | D:6      | Reached XP level 9. HP: 66/79 MP: 9/9
  8475 | D:6      | Noticed Duvessa
  8505 | D:6      | Killed Duvessa
  8505 | D:6      | Reached skill level 8 in Axes
  8983 | D:6      | Reached skill level 9 in Axes
  9005 | D:6      | Noticed Pikel
  9071 | D:6      | Killed Pikel
  9071 | D:6      | Reached skill level 10 in Axes
  9474 | D:6      | Reached skill level 11 in Axes
  9975 | D:7      | Identified a scroll of acquirement
  9978 | D:7      | Got a brightly glowing crystal plate armour
  9989 | D:7      | Identified the +0 crystal plate armour "Dusoph" {Dex+4 Slay+3 SInv} (You acquired it on level 7 of the Dungeon)
 10003 | D:7      | Noticed a deep elf mage
 10011 | D:7      | Noticed a sixfirhy
 10013 | D:7      | Noticed an orange demon
 10018 | D:7      | Killed a deep elf mage
 10186 | D:7      | Found a runed door.
 10230 | D:7      | Reached skill level 12 in Axes
 10230 | D:7      | Reached XP level 10. HP: 86/90 MP: 10/10
 10303 | D:7      | Reached * piety under Trog
 10735 | D:7      | Noticed Crazy Yiuf
 10741 | D:7      | Killed Crazy Yiuf
 11208 | D:8      | Reached skill level 13 in Axes
 11494 | D:9      | Reached skill level 10 in Fighting
 11643 | D:9      | Reached ** piety under Trog
 11797 | D:9      | Found a staircase to the Lair.
 11846 | D:9      | Reached skill level 14 in Axes
 11897 | D:9      | Reached XP level 11. HP: 45/101 MP: 11/11
 12180 | D:9      | Reached *** piety under Trog
 13220 | D:10     | Entered Level 10 of the Dungeon
 13237 | D:10     | Found a staircase to the Orcish Mines.
 13242 | D:10     | Reached skill level 15 in Axes
 13326 | D:10     | Noticed a hill giant
 13336 | D:10     | Killed a hill giant
 13535 | D:10     | Got a pitted tin amulet
 13537 | D:10     | Identified the amulet "Iliborul" {Harm *Drain Str+4} (You found it on level 10 of the Dungeon)
 13587 | Lair:1   | Entered Level 1 of the Lair of Beasts
 13604 | Lair:1   | Noticed ontamu's ghost (journeyman DrWz)
 13998 | Lair:1   | HP: 7/153 [poisoned by ontamu's ghost]
 14002 | Lair:1   | HP: 3/102 [poisoned by ontamu's ghost]
 14005 | Lair:1   | HP: 1/102 [poisoned by ontamu's ghost]
 14006 | Lair:1   | Succumbed to ontamu's ghost's poison

Vault maps used:
D:1:      roderic_crossed_star
D:2:      minmay_pentomino_x4
D:3:      first_bread
D:4:      lemuel_crystal_altar, st_stairs_8
D:5:      nicolae_gozag_cash_rules_everything_around_me
D:6:      serial_shops, nicolae_shop_competitors_out_of_business, uniq_duvessa,
          uniq_pikel
D:7:      guppyfry_early_elven_hall, uniq_crazy_yiuf_cottage
D:9:      lair_0_dummy, grunt_decor_resistance
D:10:     orc_0_dummy
Temple:   kilobyte_greek_temple

Skill      XL: |  1  2  3  4  5  6  7  8  9 10 11 |
---------------+----------------------------------+-----
Fighting       | 4 5 6 7 8 10 11 | 11.0
Dodging        | 3 4 5 |  5.0
Armour         | 3 5 7 |  7.8
Axes           | 7 12 14 15 | 15.5
Throwing       | |  1.0
Stealth        | |  1.0
Unarmed Combat | |  4.3
Evocations     | |  1.0

Action                   |  1- 3 |  4- 6 |  7- 9 | 10-12 || total
-------------------------+-------+-------+-------+-------++-------
Melee: Club              |   160 |    81 |       |       ||   241
       Punch             |     1 |     2 |     6 |       ||     9
       Whip              |       |   145 |   592 |       ||   737
       Battleaxe         |       |       |    78 |   461 ||   539
Invok: Burn Spellbooks   |       |       |     1 |       ||     1
       Trog's Hand       |       |       |       |     4 ||     4
       Berserk           |       |       |       |     2 ||     2
Evoke: Wand              |     5 |    10 |    11 |       ||    26
  Use: Potion            |     2 |       |     4 |     2 ||     8
       Scroll            |       |     5 |    12 |     3 ||    20
 Stab: Sleeping          |     1 |     2 |       |       ||     3
       Distracted        |       |       |     1 |       ||     1
  Eat: Chunk             |     3 |    12 |    17 |    15 ||    47
Armor: Robe              |    55 |    60 |       |       ||   115
       Scale mail        |       |    13 |    94 |       ||   107
       Leather armour    |       |     8 |       |       ||     8
       Plate armour      |       |       |   265 |       ||   265
       Crystal plate arm |       |       |    42 |   393 ||   435
Dodge: Dodged            |   126 |   142 |   223 |    72 ||   563
